 Dungeon Crawl Stone Soup version 0.26-a0-854-gdc81c2f471 (webtiles) character file.

Game seed: 12633571838526889223

189 iamoutofideas the Ruffian (level 5, -1/48 HPs)
             Began as a Troll Hunter on Nov 22, 2020.
             Killed by divine providence
             ... invoked by an orc priest
              (14 damage)
             ... on level 3 of the Dungeon.
             The game lasted 00:01:43 (1939 turns).

iamoutofideas the Ruffian (Troll Hunter)            Turns: 1939, Time: 00:01:43

Health: -1/48      AC:  6    Str: 21    XL:     5   Next: 40%
Magic:  4/4        EV: 10    Int:  7    God:
Gold:   148        SH:  0    Dex: 10    Spells: 4/4 levels left

rFire    . . .     SeeInvis .     - Unarmed
rCold    . . .     Faith    .   (no shield)
rNeg     . . .     Spirit   .   b - +0 robe
rPois    .         Reflect  .   (helmet restricted)
rElec    .         Harm     .   (no cloak)
rCorr    .         Rampage  .   (gloves unavailable)
MR       .....                  (boots unavailable)
Stlth    +.........             (no amulet)
HPRegen  0.56/turn              (no ring)
MPRegen  0.09/turn              (no ring)

@: no status effects
A: large, unfitting armour, claws 3, regeneration 1, shaggy fur 1, tough skin 3
a: no special abilities


You were on level 3 of the Dungeon.
You visited 1 branch of the dungeon, and saw 4 of its levels.

You collected 148 gold pieces.

Inventory:

Missiles
 c - 5 large rocks (quivered)
 d - 2 throwing nets
 r - 6 datura-tipped darts
Armour
 b - a +0 robe (worn)
Jewellery
 l - an uncursed amulet of the acrobat {unknown}
 q - a +6 ring of dexterity {unknown}
Scrolls
 f - a scroll of blinking {unknown}
 i - 3 scrolls of identify {unknown}
 j - 4 scrolls of teleportation {unknown}
 o - a scroll of noise {unknown}
 p - 5 scrolls of remove curse {unknown}
Potions
 a - a potion of mutation {unknown}
 e - a potion of ambrosia {unknown}
 g - a potion of brilliance {unknown}
 h - a potion of heal wounds {unknown}
 k - a potion of magic {unknown}
 m - 4 potions of degeneration {unknown}
 n - a potion of flight {unknown}
 s - a potion of might {unknown}
 t - a potion of attraction {unknown}


   Skills:
 - Level 1.5 Fighting
 - Level 3.6 Throwing
 - Level 1.5 Dodging
 - Level 0.3 Stealth
 + Level 5.2 Unarmed Combat


You had 4 spell levels left.
You didn't know any spells.
Your spell library was empty.

Dungeon Overview and Level Annotations

Branches:
Dungeon (4/15)
 Temple: D:4-7

Altars:
Elyvilon
Fedhas
Kikubaaqudgha
Zin

Shops:
D:2 *


Innate Abilities, Weirdness & Mutations

You are too large for most types of armour.
You have claws for hands.
Your natural rate of healing is unusually fast.
You are covered in fur. (AC +1)
You have extremely tough skin. (AC +3)


Message History

The orc warrior hits you with a +0 halberd!
You claw the orc warrior!
The orc warrior is heavily wounded.
The orc priest mumbles some strange prayers to Beogh against you.
Beogh smites you!
The orc warrior hits you with a +0 halberd!
* * * LOW HITPOINT WARNING * * *
You claw the orc warrior!
The orc warrior is almost dead.
You barely miss the orc warrior.
The orc warrior is almost dead.
The orc warrior closely misses you.
You scratch the orc warrior but do no damage.
The orc warrior is almost dead.
The orc warrior closely misses you.
You scratch the orc warrior but do no damage.
The orc warrior is almost dead.
The orc priest mumbles some strange prayers to Beogh against you.
Beogh smites you!
You die...

#.....# #.##
#.....## #..#
###..#...#
##.#
..#..#≈≈≈≈≈≈#
#.#
#....#...####
#.#
##.....###
#.# .#.(####
#.# ......
#.# ......#
#@# ......#
#o# ......#
#o# ......#


ooS ####### ... ....# #...# #...# You could see an orc warrior, 2 orc priests,
an orc and a ball python.

Vanquished Creatures
  An ogre (D:4)
  6 adders
  2 dart slugs
  An orc (D:3)
  2 ball pythons
  3 giant cockroaches
  5 goblins
  3 hobgoblins
  4 jackals (D:3)
  9 bats
  2 frilled lizards
  3 kobolds
  3 rats
44 creatures vanquished.

Notes
Turn   | Place    | Note
-------+----------+-------------------------------------------
     0 | D:1      | iamoutofideas the Troll Hunter began the quest for the Orb.
     0 | D:1      | Reached XP level 1. HP: 19/19 MP: 0/0
   102 | D:1      | Reached skill level 1 in Unarmed Combat
   238 | D:1      | Reached XP level 2. HP: 27/27 MP: 1/1
   687 | D:1      | Reached skill level 2 in Unarmed Combat
   921 | D:2      | Found Zin's Purification Station.
   924 | D:2      | Found a glowing silver altar of Zin.
  1173 | D:2      | Reached XP level 3. HP: 29/33 MP: 2/2
  1431 | D:2      | Reached skill level 3 in Unarmed Combat
  1475 | D:2      | You fall into a shaft and drop 2 floors!
  1492 | D:4      | Noticed an ogre
  1498 | D:4      | Killed an ogre
  1499 | D:4      | Reached skill level 4 in Unarmed Combat
  1499 | D:4      | Reached XP level 4. HP: 31/41 MP: 3/3
  1615 | D:3      | Reached XP level 5. HP: 48/48 MP: 4/4
  1634 | D:3      | Found an ancient bone altar of Kikubaaqudgha.
  1700 | D:3      | Found a white marble altar of Elyvilon.
  1776 | D:3      | Reached skill level 5 in Unarmed Combat
  1840 | D:3      | Found a blossoming altar of Fedhas.
  1925 | D:3      | Noticed an orc warrior
  1939 | D:3      | Killed from afar by an orc priest

Illustrated notes

Levels and vault maps discovered:
D:1:      eino_arrival_water_cross, layout_basic
D:2:      layout_basic, zin_purify
D:3:      layout_rooms, lemuel_coloured_pillars_altar, kiku_gazebo_pond_becter,
          fedhas_altar_fruit_tree, chequers_serial_rivers_micro_b
D:4:      layout_loops_ring, chei_slow_surprise, uniq_blork_the_orc

Skill      XL: |  1  2  3  4  5 |
---------------+----------------+-----
Unarmed Combat | 1 2 4 5 |  5.2
Fighting       | |  1.5
Throwing       | |  3.6
Dodging        | |  1.5
Stealth        | |  0.3

Action                   |  1- 3 |  4- 6 || total
-------------------------+-------+-------++-------
Melee: Unarmed           |   109 |    44 ||   153
       Punch             |       |     2 ||     2
 Stab: Sleeping          |     2 |     1 ||     3
Armor: Robe              |    59 |    20 ||    79
Dodge: Dodged            |    57 |    19 ||    76

Table legend: (Time is in decaauts)
 A = Elapsed time spent in this place.
 B = Non-inter-level travel time spent in this place.
 C = Inter-level travel time spent in this place.
 D = Time resting spent in this place.
 E = Time spent auto-exploring this place.
 F = Levels seen in this place.
 G = Mean time per level.
                   A        B        C        D        E       F      G
               +--------+--------+--------+--------+--------+-----+--------+
         Total |   1930 |   1852 |     78 |      0 |   1538 |   4 |  482.5 |
       Dungeon |   1930 |   1852 |     78 |      0 |   1538 |   4 |  482.5 |
               +--------+--------+--------+--------+--------+-----+--------+

Top non-repeatable levels by time:
     D:1: 811 daAuts
     D:2: 659 daAuts
     D:3: 331 daAuts
     D:4: 128 daAuts
